 Dungeon Crawl Stone Soup version 0.31-a0-233-g139696dc86 (webtiles) character file.

Game seed: 16906328663310607021

711 qw the Skirmisher (level 7, 0/60 HPs)
             Began as a Minotaur Hexslinger on July 9, 2023.
             Was an Initiate of Okawaru.
             Slain by an ogre
             ... wielding a +0 giant club
              (14 damage)
             ... on level 5 of the Dungeon.
             The game lasted 00:02:02 (3898 turns).

qw the Skirmisher (Minotaur Hexslinger)             Turns: 3898, Time: 00:02:02

Health: 0/60       AC: 11    Str: 12    XL:     7   Next: 40%
Magic:  7/7        EV: 11    Int: 10    God:    Okawaru [......]
Gold:   147        SH:  0    Dex: 15    Spells: 7/8 levels left

rFire   . . .        Y - +2 sling
rCold   . . .        (no shield)
rNeg    + . .        f - +0 ring mail
rPois   .            (helmet restricted)
rElec   .            (no cloak)
rCorr   .            e - +1 pair of gloves
SInv    .            (no boots)
Will    .....        k - amulet of the acrobat
Stlth   +            a - +4 ring of protection
HPRegen 0.30/turn    c - ring of positive energy
MPRegen 0.10/turn

%: acrobat
@: lethally poisoned (0 -> -7)
A: horns 2, retaliatory headbutt
a: Renounce Religion


You were on level 5 of the Dungeon.
You worshipped Okawaru.
Okawaru was noncommittal.
You visited 2 branches of the dungeon, and saw 6 of its levels.
You also visited: Sewer.

You collected 147 gold pieces.


Innate Abilities, Weirdness & Mutations

You have a pair of horns on your head.
You reflexively headbutt those who attack you in melee.


   Skills:
 + Level 4.5 Fighting
 - Level 8.0 Ranged Weapons
 - Level 2.0 Armour
 - Level 2.1 Dodging
 - Level 1.0 Spellcasting
 - Level 2.0 Hexes


You had 7 spell levels left.
You knew the following spells:

 Your Spells              Type           Power      Damage    Failure   Level
a - Slow                  Hex            16%        N/A       32%         1

Your spell library contained the following spells:

 Spells                   Type           Power      Damage    Failure   Level
 Inner Flame              Hex/Fire       2%         N/A       83%         3
 Portal Projectile        Hex/Tloc       4%         N/A       83%         3
 Cause Fear               Hex            2%         N/A       97%         4

Inventory:

Hand Weapons
 Y - a +2 sling (weapon)
Armour
 e - a +1 pair of gloves (worn)
 f - a +0 ring mail (worn)
Jewellery
 a - a +4 ring of protection (left hand)
 c - a ring of positive energy (right hand)
 k - an amulet of the acrobat (around neck)
Scrolls
 g - 4 scrolls of identify
 j - a scroll of teleportation
Potions
 b - 2 potions of mutation
 d - a potion of curing
 h - a potion of haste {unknown}
 i - a potion of heal wounds

Dungeon Overview and Level Annotations

Branches:
Dungeon (5/15)             Temple (1/1) D:4           Sewer (visited)

Altars:
Cheibriados
Gozag
Hepliaklqana
Makhleb
Okawaru
Qazlal
Sif Muna
Uskayaw
Vehumet
Wu Jian
Yredelemnul
The Shining One

Shops:
D:1 (   D:4 (

Annotations:
D:4 2 transporters


Message History

You feel very sick. The orc closely misses you. The orc barely misses you.
You shoot a sling bullet. The sling bullet hits the orc.
You kill the orc!
Okawaru accepts your kill.
You feel sick. The orc barely misses you.
You shoot a sling bullet.
The sling bullet barely misses the ogre.
You feel sick. The ogre barely misses you. The orc completely misses you.
The orc barely misses you. You furiously retaliate!
You headbutt the orc. You shoot a sling bullet.
The sling bullet hits the orc but does no damage.
The orc is severely wounded.
You feel sick. The ogre hits you with a +0 giant club!
The orc hits you but does no damage.
You are more poisoned.
You shoot a sling bullet.
The sling bullet closely misses the orc.
You feel sick. The ogre completely misses you. You furiously retaliate!
You headbutt the ogre. The orc hits you but does no damage.
You are more poisoned.
You shoot a sling bullet.
The sling bullet closely misses the orc.
You feel very sick. The orc hits you but does no damage.
You are more poisoned.
You shoot a sling bullet. The sling bullet hits the orc.
You kill the orc!
Okawaru accepts your kill.
You feel very sick. The ogre hits you with a +0 giant club.
You shoot a sling bullet. The sling bullet hits the ogre.
The ogre is lightly wounded.
You feel very sick. The ogre closely misses you.
You shoot a sling bullet.
The sling bullet barely misses the ogre.
You feel very sick. The ogre hits you with a +0 giant club!
You die...

.. ...##?#
###.#...#
...#.#.# ...#.#.#
#.....# #$.)..#
#.@...#
...#)O...#
_.........######
....#.....)..#.#
.....#..........#
....
#.######.#####
#^# #.
#.........# .. ..
#.#.#####.# .## #
#%##


You could see an ogre.

Vanquished Creatures
  Grinder (D:3)
  A water moccasin (Sewer)
  A phantom (D:4)
  A scorpion (D:4)
  2 hounds (D:5)
  Ijyb (D:4)
  6 gnolls
  7 adders
  An ufetubus (D:5)
  2 dart slugs
  2 worms
  9 orcs
  8 ball pythons
  8 endoplasms
  2 giant cockroaches (D:1)
  5 goblins
  8 hobgoblins
  2 jackals (Sewer)
  4 quokkas
  7 kobolds
  A rat (D:3)
79 creatures vanquished.

Notes
Turn   | Place    | Note
-------+----------+-------------------------------------------
     0 | D:1      | qw the Minotaur Hexslinger began the quest for the Orb.
     0 | D:1      | Reached XP level 1. HP: 16/16 MP: 1/1
     0 | D:1      | 0 ||| qw: Version: 0.3-a-51-g015441d
     0 | D:1      | 0 ||| qw: Game counter: 3897
     0 | D:1      | 0 ||| qw: Melee chars always use a shield: true
     0 | D:1      | 0 ||| qw: God list: Okawaru
     0 | D:1      | 0 ||| qw: Allow faded altars: false
     0 | D:1      | 0 ||| qw: Do Orc after clearing Dungeon:15 true
     0 | D:1      | 0 ||| qw: Do second Lair branch before Depths: true
     0 | D:1      | 0 ||| qw: Lair rune preference: random
     0 | D:1      | 0 ||| qw: Goals: Normal
     0 | D:1      | 0 ||| PLANNING D:1-11
   212 | D:1      | Reached skill level 3 in Ranged Weapons
   212 | D:1      | Reached XP level 2. HP: 20/23 MP: 2/2
   272 | D:1      | Found Emuhezov's Antique Weapon Emporium.
   609 | D:1      | 609 ||| UPGRADING to +0 ring mail.
   619 | D:1      | 619 ||| DROPPING +0 robe.
   620 | D:1      | 620 ||| READING scroll labelled DEUSSECWETI.
   621 | D:1      | 621 ||| READING scroll labelled LUP FASOAGAR.
   622 | D:1      | 622 ||| READING 2 scrolls labelled TETRAGU DYISS.
   623 | D:1      | 623 ||| DROPPING scroll of poison.
   815 | D:2      | Reached XP level 3. HP: 28/30 MP: 3/3
   904 | D:2      | 904 ||| Stepping ~*~*~tactically~*~*~ (outnumbered).
   915 | D:2      | HP: 6/30 [gnoll/+0 halberd (16)]
   915 | D:2      | HP: 2/30 [gnoll/+0 halberd (4)]
   917 | D:2      | Reached skill level 4 in Ranged Weapons
   917 | D:2      | 917 ||| FLEEEEING.
   918 | D:2      | 918 ||| FLEEEEING.
   919 | D:2      | 919 ||| FLEEEEING.
   920 | D:2      | 920 ||| FLEEEEING.
   921 | D:2      | 921 ||| FLEEEEING.
   922 | D:2      | 922 ||| FLEEEEING.
   923 | D:2      | 923 ||| FLEEEEING.
   924 | D:2      | 924 ||| FLEEEEING.
   925 | D:2      | 925 ||| FLEEEEING.
   926 | D:2      | 926 ||| FLEEEEING.
   927 | D:2      | 927 ||| FLEEEEING.
   928 | D:2      | 928 ||| FLEEEEING.
   929 | D:2      | 929 ||| FLEEEEING.
   930 | D:2      | 930 ||| FLEEEEING.
   931 | D:2      | 931 ||| FLEEEEING.
   932 | D:2      | 932 ||| FLEEEEING.
   933 | D:2      | 933 ||| FLEEEEING.
   934 | D:2      | 934 ||| FLEEEEING.
   935 | D:2      | 935 ||| FLEEEEING.
   936 | D:2      | 936 ||| FLEEEEING.
   937 | D:2      | 937 ||| FLEEEEING.
   938 | D:2      | 938 ||| FLEEEEING.
   939 | D:2      | 939 ||| FLEEEEING.
   940 | D:2      | 940 ||| FLEEEEING.
   941 | D:2      | 941 ||| FLEEEEING.
   942 | D:2      | 942 ||| FLEEEEING.
   943 | D:2      | 943 ||| FLEEEEING.
   944 | D:2      | 944 ||| FLEEEEING.
   945 | D:2      | 945 ||| FLEEEEING.
   946 | D:2      | 946 ||| FLEEEEING.
   947 | D:2      | 947 ||| FLEEEEING.
   948 | D:2      | 948 ||| FLEEEEING.
   949 | D:2      | 949 ||| FLEEEEING.
   950 | D:2      | 950 ||| FLEEEEING.
   951 | D:2      | 951 ||| FLEEEEING.
   952 | D:2      | 952 ||| STAIRDANCE
  1025 | D:1      | 1025 ||| UPGRADING to +4 ring of protection.
  1030 | D:2      | 1030 ||| STAIRDANCE
  1033 | D:1      | Reached skill level 1 in Armour
  1033 | D:1      | Reached XP level 4. HP: 33/37 MP: 4/4
  1048 | D:2      | 1048 ||| STAIRDANCE
  1155 | D:2      | Identified the +1 scale mail of the Game of Life {Harm
                  | rPois rN+++ MP-9}
  1219 | D:2      | Found a basalt altar of Yredelemnul.
  1319 | D:2      | You fall into a shaft and drop 2 floors!
  1327 | D:4      | Found Cudab Xota's Antique Weapon Shop.
  1330 | D:4      | 1330 ||| PLANNING D:1-11
  1362 | D:4      | Noticed a scorpion
  1370 | D:4      | Killed a scorpion
  1371 | D:4      | Reached skill level 5 in Ranged Weapons
  1371 | D:4      | Reached XP level 5. HP: 22/42 MP: 5/5
  1469 | D:4      | Noticed a phantom
  1491 | D:4      | Killed a phantom
  1513 | D:4      | 1513 ||| UPGRADING to ring of positive energy.
  1514 | D:4      | 1514 ||| READING 3 scrolls of identify.
  1514 | D:4      | 1514 ||| IDENTIFYING fizzy amethyst potion
  1515 | D:4      | 1515 ||| DROPPING potion of magic.
  1525 | D:3      | Noticed Grinder
  1526 | D:3      | 1526 ||| PLANNING SEWER
  1541 | D:3      | Paralysed by Grinder for 3 turns
  1548 | D:3      | Paralysed by Grinder for 3 turns
  1552 | D:3      | Killed Grinder
  1553 | D:3      | Reached skill level 6 in Ranged Weapons
  1553 | D:3      | Reached XP level 6. HP: 41/52 MP: 6/6
  1653 | D:3      | Identified the +0 dagger "Gich" {drain, Str+2}
  1825 | D:3      | Found a faded altar of an unknown god.
  1884 | D:3      | Found a glowing drain.
  1885 | D:3      | 1885 ||| UPGRADING to +0 pair of gloves.
  1890 | D:3      | 1890 ||| READING scroll labelled IWUKOZ INOOCI.
  1891 | D:3      | 1891 ||| DRINKING 2 fizzy brown potions.
  1892 | D:3      | 1892 ||| READING 7 scrolls of identify.
  1892 | D:3      | 1892 ||| IDENTIFYING fizzy green potion
  1902 | Sewer    | Entered a sewer
  1907 | Sewer    | 1907 ||| Stepping ~*~*~tactically~*~*~ (water).
  1911 | Sewer    | 1911 ||| Stepping ~*~*~tactically~*~*~ (water).
  1913 | Sewer    | 1913 ||| Stepping ~*~*~tactically~*~*~ (water).
  1966 | Sewer    | Noticed a water moccasin
  1971 | Sewer    | Killed a water moccasin
  1972 | Sewer    | Reached skill level 7 in Ranged Weapons
  1972 | Sewer    | Reached XP level 7. HP: 53/59 MP: 7/7
  2010 | Sewer    | Identified the +7 chain mail of the Minstrel {Rampage
                  | +Blink}
  2025 | Sewer    | 2025 ||| UPGRADING to amulet of the acrobat.
  2030 | Sewer    | 2030 ||| READING scroll labelled HOPLEH TUGGOSO.
  2034 | Sewer    | 2034 ||| READING scroll labelled SISKOB HISH.
  2035 | Sewer    | 2035 ||| READING 6 scrolls of identify.
  2035 | Sewer    | 2035 ||| IDENTIFYING white potion
  2036 | Sewer    | 2036 ||| READING 5 scrolls of identify.
  2036 | Sewer    | 2036 ||| IDENTIFYING ruby potion
  2037 | Sewer    | 2037 ||| DROPPING potion of ambrosia.
  2061 | D:3      | 2061 ||| PLANNING D:1-11
  2253 | D:3      | Found a snail-covered altar of Cheibriados.
  2939 | D:4      | 2939 ||| READING scroll of enchant armour.
  2939 | D:4      | 2939 ||| ENCHANTING +0 pair of gloves.
  2965 | D:4      | Found a staircase to the Ecumenical Temple.
  2966 | D:4      | 2966 ||| PLANNING TEMPLE
  2966 | D:4      | 2966 ||| DRINKING 2 clear potions.
  3074 | D:4      | 3074 ||| DROPPING potion of berserk rage.
  3078 | Temple   | Entered the Ecumenical Temple
  3107 | Temple   | 3107 ||| PLANNING OKAWARU WORSHIP
  3209 | Temple   | Became a worshipper of Warmaster Okawaru
  3210 | Temple   | 3210 ||| PLANNING D:1-11
  3266 | D:4      | Noticed Ijyb
  3276 | D:4      | Killed Ijyb
  3389 | D:4      | Noticed a steam dragon
  3391 | D:4      | Found a shimmering blue altar of Sif Muna.
  3397 | D:4      | Found a transporter.
  3404 | D:4      | Noticed a two-headed ogre
  3412 | D:4      | Found a transporter.
  3622 | D:4      | Reached skill level 8 in Ranged Weapons
  3824 | D:4      | 3824 ||| DROPPING amulet of magic regeneration.
  3825 | D:4      | 3825 ||| READING scroll labelled LESHANGUFF.
  3826 | D:4      | 3826 ||| READING scroll labelled SEATO BIPLUOMA.
  3842 | D:5      | Entered Level 5 of the Dungeon
  3842 | D:5      | Found a burning altar of Makhleb.
  3842 | D:5      | Found a glowing golden altar of the Shining One.
  3877 | D:5      | Found a hide-covered altar of Uskayaw.
  3898 | D:5      | HP: 14/60 [poisoned by an orc]
  3898 | D:5      | Slain by an ogre

Levels and vault maps discovered:
D:1:      saegor_arrival_simple_e, layout_loops_cross, serial_shops,
          nicolae_shop_dealshenge
D:2:      layout_basic, basic_altar
D:3:      cheibrodos_helix_gallery, layout_loops_corners,
          cheibrodos_worm_habitat,
          dreamdust_ecumenical_altar_hidden_monk_grotto,
          cheibrodos_sewer_entry_sluice, minmay_surrounded, uniq_grinder
D:4:      layout_loops_cross, gammafunk_temple_overflow_arena, temple_statues,
          serial_shops, kennysheep_mini, minmay_hedge_maze, uniq_ijyb
D:5:      layout_loops_cross, amcnicky_altar_gilded, zin_treasury,
          lemuel_round_altar, lemuel_tele_altar,
          nicolae_elyvilon_peaceful_grove, ebering_ghost_rock_garden
Temple:   nicolae_temple_superstar

Skill      XL: |  1  2  3  4  5  6  7 |
---------------+----------------------+-----
Ranged Weapons | 3 4 5 6 7 8 |  8.0
Fighting       | 2 4 |  4.5
Armour         | 1 2 |  2.0
Dodging        | |  2.1
Spellcasting   | |  1.0
Hexes          | |  2.0

Action                     |  1- 3 |  4- 6 |  7- 9 || total
---------------------------+-------+-------+-------++-------
   Fire: Sling             |    63 |   118 |   113 ||   294
    Use: Scroll            |     3 |     3 |     7 ||    13
         Potion            |       |     1 |     1 ||     2
 Armour: Ring mail         |     8 |    19 |    34 ||    61
         Robe              |     2 |       |       ||     2
  Dodge: Dodged            |    14 |    34 |    46 ||    94

Table legend:
 A = Non-vault XP
 B = Vault XP
 C = Vault XP percentage of total XP
 D = Non-vault monster count
 E = Vault monster count
 F = Vault count percentage of total count
                 A         B        C        D         E       F
            +---------+---------+-------+---------+---------+-------
      Total |     517 |     500 |  49.2 |      63 |      16 |  20.3
            +---------+---------+-------+---------+---------+-------
        D:1 |      37 |       0 |   0.0 |      13 |       0 |   0.0
        D:2 |      98 |       0 |   0.0 |      13 |       0 |   0.0
        D:3 |      35 |     321 |  90.2 |      12 |      12 |  50.0
        D:4 |     242 |      35 |  12.6 |      17 |       1 |   5.6
        D:5 |     105 |       0 |   0.0 |       8 |       0 |   0.0
      Sewer |       0 |     144 | 100.0 |       0 |       3 | 100.0
            +---------+---------+-------+---------+---------+-------
